 Dungeon Crawl Stone Soup version 0.20-a0-201-g851c6fa (webtiles) character file.

3873 patrickswayze the Slicer (level 10, -7/54 HPs)
             Began as a Deep Elf Chaos Knight on Nov 24, 2016.
             Mangled by a killer bee (9 damage)
             ... summoned by Xom
             ... on level 8 of the Dungeon.
             The game lasted 00:20:46 (10277 turns).

patrickswayze the Slicer (Deep Elf Chaos Knight)   Turns: 10277, Time: 00:20:48

Health: -7/54      AC:  6    Str: 13    XL:     10   Next: 0%
Magic:  12/12      EV: 18    Int: 25    God:    Xom [*.....]
Gold:   223        SH:  0    Dex: 17    Spells: 8/9 levels left

rFire  + . .     SeeInvis .     a - +7 rapier "With Two Names" {venom, rF+ MR+ Str+4}
rCold  . . .     Gourm    .     s - +3 leather armour
rNeg   . . .     Faith    .     (no shield)
rPois  .         Spirit   .     (helmet restricted)
rElec  .         Reflect  .     (no cloak)
rCorr  .         Harm     .     (no gloves)
MR     +++..                    (no boots)
Stlth  ++++......               (no amulet)
                                t - ring of flight
                                d - ring of protection from magic

@: brilliant, about to teleport
A: horns 1, blink, blurry vision 2, clever 1, mutation resistance 2, screaming
1, slow regeneration 1, subdued magic 1
a: Blink, Renounce Religion, Evoke Flight


You were on level 8 of the Dungeon.
You worshipped Xom.
You were a special plaything of Xom.
You were not hungry.

You visited 1 branch of the dungeon, and saw 8 of its levels.

You collected 493 gold pieces.
You spent 270 gold pieces at shops.


Innate Abilities, Weirdness & Mutations

You have a pair of small horns on your head.
You can translocate small distances at will.
Scrolls take you longer to read.
Your mind is acute. (Int +2)
You are somewhat resistant to both further mutation and mutation removal.
You occasionally shout uncontrollably at your foes.
You regenerate slowly when monsters are visible.
Your spells are a little easier to cast, but a little less powerful.


   Skills:
 - Level 2.4 Fighting
 - Level 11.0 Short Blades
 - Level 0.7 Armour
 - Level 9.0 Dodging
 - Level 8.0 Stealth
 + Level 1.2 Summonings


You had 8 spell levels left.
You knew the following spells:

 Your Spells              Type           Power        Failure   Level  Hunger
Z - Summon Small Mammal   Summ           ###.         1%          1    ##.....

Inventory:

Hand Weapons
 a - the +7 rapier "With Two Names" (weapon) {venom, rF+ MR+ Str+4}
   (You bought it in a shop on level 5 of the Dungeon)

   It poisons the flesh of those it strikes.
   It affects your strength (+4).
   It protects you from fire.
   It affects your resistance to hostile enchantments.
Missiles
 x - 5 curare-tipped needles
Armour
 j - a +0 helmet
 q - the +7 chain mail "Utsuk" {rElec rN+ MR- Dex+4, unknown}
   (You took it off a big kobold on level 6 of the Dungeon)

   It affects your dexterity (+4).
   It insulates you from electricity.
   It protects you from negative energy.
   It affects your resistance to hostile enchantments.
 s - a +3 leather armour (worn)
Jewellery
 d - a ring of protection from magic (left hand)
 i - an uncursed amulet of harm {unknown}
 t - a ring of flight (right hand)
Wands
 n - a wand of paralysis (9/24)
 y - a wand of digging (11/24)
Scrolls
 b - 5 scrolls of identify
 e - 2 scrolls of teleportation
 o - a scroll of fog
 p - 3 scrolls of magic mapping
 v - a scroll of recharging
 w - 2 scrolls of enchant armour
Potions
 h - 2 potions of flight {unknown}
 k - a potion of berserk rage {unknown}
 l - a potion of might
 u - a potion of degeneration {unknown}
 z - a potion of invisibility {unknown}
 A - 3 potions of cure mutation {unknown}
 C - a potion of ambrosia {unknown}
Books
 D - a book of Callings

   Spells                             Type                      Level
   a - Summon Small Mammal            Summoning                    1
   b - Call Imp                       Summoning                    2
   c - Call Canine Familiar           Summoning                    3
   d - Summon Guardian Golem          Hexes/Summoning              3
   e - Summon Lightning Spire         Summoning/Air                4
   f - Summon Ice Beast               Ice/Summoning                4
 F - a book of Changes

   Spells                             Type                      Level
   a - Beastly Appendage              Transmutation                1
   b - Sticks to Snakes               Transmutation                2
   c - Spider Form                    Transmutation/Poison         3
   d - Ice Form                       Ice/Transmutation            4
   e - Blade Hands                    Transmutation                5
Comestibles
 c - 3 bread rations
 r - 3 meat rations
 B - 3 chunks of flesh
 E - a beef jerky


Message History

You feel better. The killer bee barely misses you.
The killer bee stings you but does no damage.
The killer bee closely misses you. The killer bee stings you.
* * * LOW HITPOINT WARNING * * *
The killer bee closely misses you. The killer bee barely misses you.
Okay, then.
Really read with blurry vision while enemies are nearby?
The killer bee stings you!
* * * LOW HITPOINT WARNING * * *
The killer bee stings you.
* * * LOW HITPOINT WARNING * * *
You begin reading the scroll.
You continue reading the scroll.
The killer bee barely misses you. x2
As you read the scroll of teleportation, it crumbles to dust.
You feel strangely unstable.
Unknown command.
Unknown command.
The killer bee stings you!
You die...

# #.# #.##..##..# ##...## .. #.#
#.###.##..# ##.....## #. #.#
#)###.##..###.>.....## #. # #.#
#.5.......##.........# ##+ ###.#
#........###.........# ##.. .##.#
#####5#### #.........###... ..#.#
##.##.# ##.......###....
....###...#.########)%...###.....
.(.'............@yya.......')....
....###...#.#########...####.....
..#.# ##......# ##.## ##....
.##.#####.....# ...# ##...
###.##........# .#### ##.. #
#.##.##.....# # ##+ #
#.##.##.....# #. ###.##.########
#. .##.##.#


You could see a worker ant and 2 killer bees.

Vanquished Creatures
  Pikel (D:7)
  A wyvern (D:6)
  A hungry ghost (D:8)
  Menkaure (D:7)
  Duvessa (D:6)
  A water moccasin (D:4)
  An orc warrior (D:6)
  2 ice beasts
  3 sky beasts
  2 slaves (D:7)
  3 ogres
  2 centaurs
  5 big kobolds (D:6)
  Blork the orc (D:5)
  Dowan (D:6)
  A jelly (D:7)
  5 wights (D:8)
  3 bullfrog zombies
  A crimson imp (D:5)
  A quasit (D:7)
  3 orc wizards
  2 bullfrog skeletons
  4 orc priests
  6 hounds
  3 iguanas
  4 worker ants
  7 gnolls
  7 adders
  A howler monkey skeleton (D:5)
  2 shadow imps (D:7)
  3 oozes
  3 worms
  3 dart slugs
  8 leopard geckos
  27 orcs
  8 giant cockroaches
  11 goblins
  10 hobgoblins
  7 jackals
  4 quokkas
  A ball python (D:5)
  9 bats
  A frilled lizard (D:1)
  A jackal skeleton (D:4)
  41 kobolds
  2 rats (D:3)
215 creatures vanquished.

Vanquished Creatures (others)
  A wight (D:7)
  A quokka (D:7)
2 creatures vanquished.

Grand Total: 217 creatures vanquished

Notes
Turn   | Place    | Note
-------+----------+-------------------------------------------
     0 | D:1      | patrickswayze the Deep Elf Chaos Knight began the quest for the Orb.
     0 | D:1      | Reached XP level 1. HP: 13/13 MP: 3/3
    64 | D:1      | Reached skill level 1 in Stealth
    82 | D:1      | Found a glowing golden altar of the Shining One.
   106 | D:1      | Reached XP level 2. HP: 12/18 MP: 4/4
   326 | D:1      | XOM: harmless Pois miscast
   370 | D:1      | Reached skill level 3 in Stealth
   508 | D:1      | Reached XP level 3. HP: 21/22 MP: 5/5
   534 | D:1      | XOM: give mutations
   534 | D:1      | Gained mutation: Your spells are a little easier to cast, but a little less powerful. [Xom's mischief]
   534 | D:1      | Gained mutation: You regenerate slowly when monsters are visible. [Xom's mischief]
   534 | D:1      | Gained mutation: You can translocate small distances at will. [Xom's mischief]
   711 | D:1      | XOM: draining
   745 | D:2      | Noticed Sigmund
   967 | D:2      | XOM: scenery: create altars
  1004 | D:2      | XOM: cleaving
  1105 | D:2      | XOM: smoke on damage
  1236 | D:3      | Reached XP level 4. HP: 24/27 MP: 6/6
  1435 | D:3      | You fall through a shaft!
  1438 | D:4      | Reached skill level 6 in Stealth
  1438 | D:4      | Reached XP level 5. HP: 31/31 MP: 7/7
  1444 | D:4      | Found Uromp's Armour Shop.
  1566 | D:4      | XOM: stat loss: -1 Dex (14/15)
  1668 | D:4      | Found Quorchana's Assorted Antiques.
  1675 | D:4      | Found Viumei Veewk's Jewellery Boutique.
  1801 | D:4      | Found Oteaniox's Food Shoppe.
  1904 | D:4      | XOM: butterfly on damage
  1906 | D:4      | HP: 3/31 [orc priest/divine providence (13)]
  2306 | D:3      | Reached XP level 6. HP: 32/36 MP: 8/8
  2501 | D:3      | Found a blossoming altar of Fedhas.
  2502 | D:3      | Found a sparkling altar of Nemelex Xobeh.
  2717 | D:4      | Found Jyesobym's Weapon Emporium.
  2722 | D:4      | Noticed a water moccasin
  2729 | D:4      | Killed a water moccasin
  2729 | D:4      | Reached skill level 4 in Short Blades
  2832 | D:5      | Entered Level 5 of the Dungeon
  2890 | D:5      | XOM: harmless Fire miscast
  2950 | D:5      | Noticed a sky beast
  2984 | D:5      | Killed a sky beast
  2984 | D:5      | Reached skill level 5 in Short Blades
  2984 | D:5      | Reached XP level 7. HP: 16/40 MP: 9/9
  3247 | D:5      | Reached skill level 6 in Short Blades
  3573 | D:5      | XOM: medium Pois miscast
  3672 | D:5      | Noticed Blork the orc
  3682 | D:5      | Killed Blork the orc
  3686 | D:5      | Found a deep blue altar of Sif Muna.
  3734 | D:5      | XOM: potion effect (curing)
  3833 | D:5      | Found Fyuhogor's Antique Weapon Boutique.
  3878 | D:5      | HP: 8/40 [orc/stone (3)]
  3978 | D:4      | XOM is BORED!
  3978 | D:4      | XOM: noise
  4025 | D:4      | XOM: god gift: 25 gold pieces
  4111 | D:4      | XOM: harmless Erth miscast
  4144 | D:5      | XOM: fog
  4237 | D:5      | XOM: mild Air miscast
  4256 | D:5      | XOM: enchant monster (good)
  4273 | D:5      | Reached skill level 7 in Short Blades
  4559 | D:6      | Reached XP level 8. HP: 45/45 MP: 10/10
  4709 | D:6      | HP: 9/45 [orc warrior/short sword (18)]
  4711 | D:6      | XOM: silly message
  4715 | D:6      | XOM: potion effect (heal wounds)
  4720 | D:6      | XOM: cast spell 'Alistair's Intoxication'
  4769 | D:6      | XOM: divination: detect creatures
  4776 | D:6      | XOM: mild Ice miscast
  4780 | D:6      | XOM: noise
  4785 | D:6      | XOM: 3-stop teleportation journey
  5004 | D:6      | XOM: give mutations
  5004 | D:6      | Gained mutation: Scrolls take you a little longer to read. [Xom's mischief]
  5004 | D:6      | Gained mutation: Scrolls take you longer to read. [Xom's mischief]
  5004 | D:6      | Gained mutation: You occasionally shout uncontrollably at your foes. [Xom's mischief]
  5077 | D:6      | XOM: summons 4 hostile demons
  5099 | D:6      | HP: 8/45 [white imp/puff of frost[Xom] (4)]
  5151 | D:6      | XOM: 1-stop teleportation journey
  5449 | D:6      | XOM: medium Chrm miscast
  5516 | D:6      | Reached skill level 8 in Short Blades
  5608 | D:6      | XOM: mild Tmut miscast
  5744 | D:6      | XOM: scenery: create altars
  5745 | D:6      | Noticed Dowan
  6030 | D:6      | Noticed Duvessa
  6068 | D:6      | Killed Duvessa
  6068 | D:6      | Reached skill level 9 in Short Blades
  6095 | D:6      | Killed Dowan
  6175 | D:6      | XOM: confusion (+ monsters)
  6421 | D:6      | Found an iron altar of Okawaru.
  6754 | D:6      | XOM: stat loss: -1 Dex (13/16)
  6798 | D:6      | Reached skill level 10 in Short Blades
  6810 | D:6      | Got an encrusted chain mail
  6850 | D:6      | XOM: summons friendly crimson imp
  6875 | D:6      | Reached XP level 9. HP: 12/49 MP: 11/11
  7371 | D:5      | Bought a transparent rapier for 270 gold pieces
  7373 | D:5      | Identified the +7 rapier "With Two Names" {venom, rF+ MR+ Str+4} (You bought it in a shop on level 5 of the Dungeon)
  7550 | D:6      | XOM: chaos upgrade
  7892 | D:7      | Noticed Menkaure
  7894 | D:7      | Found a snail-covered altar of Cheibriados.
  7901 | D:7      | Killed Menkaure
  7947 | D:7      | Reached skill level 11 in Short Blades
  7961 | D:7      | XOM: summons 4 hostile demons
  7964 | D:7      | XOM: stat loss: -1 Str (12/13)
  7997 | D:7      | Found a shattered altar of Ashenzari.
  7997 | D:7      | Found Nigudell's Distillery.
  7997 | D:7      | XOM: 6-stop teleportation journey
  7998 | D:7      | Noticed Pikel
  7998 | D:7      | XOM: 1-stop teleportation journey
  8172 | D:7      | Found a staircase to the Ecumenical Temple.
  8277 | D:7      | Found Ulyuff's Jewellery Shop.
  8286 | D:7      | Reached skill level 3 in Dodging
  8392 | D:7      | Killed Pikel
  8428 | D:7      | Reached skill level 6 in Dodging
  8516 | D:7      | Found Obublopn's Assorted Antiques.
  8709 | D:7      | XOM: harmless Air miscast
  8757 | D:7      | XOM: give mutations
  8757 | D:7      | Gained mutation: You are somewhat resistant to further mutation. [Xom's grace]
  8757 | D:7      | Gained mutation: You are somewhat resistant to both further mutation and mutation removal. [Xom's grace]
  8757 | D:7      | Gained mutation: You have a pair of small horns on your head. [Xom's grace]
  8757 | D:7      | Gained mutation: Your mind is acute. (Int +2) [Xom's grace]
  8814 | D:7      | Found a glowing silver altar of Zin.
  9176 | D:8      | Found a shadowy altar of Dithmenos.
  9224 | D:8      | HP: 8/49 [wight/scimitar (11)]
 10037 | D:8      | XOM: summons friendly iron imp
 10051 | D:8      | Learned a level 1 spell: Summon Small Mammal
 10162 | D:8      | XOM: polymorph iron imp -> quasit
 10219 | D:8      | XOM: scenery: 3 doors close
 10222 | D:8      | Reached skill level 9 in Dodging
 10227 | D:8      | Reached skill level 1 in Summonings
 10227 | D:8      | Reached XP level 10. HP: 29/54 MP: 12/12
 10254 | D:8      | XOM is BORED!
 10254 | D:8      | XOM: summons 3 hostile shadow creatures
 10267 | D:8      | HP: 10/54 [killer bee[Xom] (6)]
 10271 | D:8      | HP: 4/54 [killer bee[Xom] (6)]
 10277 | D:8      | Mangled by a killer bee

Vault maps used:
D:1:      matt_arrival_spirals, tso_metal_star
D:2:      uniq_sigmund
D:3:      gammafunk_temple_overflow_pools, hangedman_abyss_or_decor_stabs,
          kennysheep_generic_room_9
D:4:      serial_shops, nicolae_shop_waterfront, shop_statue,
          nicolae_shop_behind_doors,
          nicolae_shop_temple_entry_statues_fountains, shop
D:5:      serial_shops, nicolae_shop_window_shopping, first_bread, tgw_sif
D:6:      minmay_goblin_kobold_castle, okawaru_altar_gauntlet_db, uniq_duvessa
D:7:      evilmike_ruin_ashenzari, marbit_many_paths, serial_shops,
          nicolae_shop_behind_doors, shop, shop_statue, basic_altar, uniq_pikel,
          uniq_menkaure
D:8:      nicolae_dithmenos_the_darkroom, chequers_temple_overflow_minitemple

Action                   |  1- 3 |  4- 6 |  7- 9 | 10-12 || total
-------------------------+-------+-------+-------+-------++-------
Melee: Short sword       |   101 |   136 |   326 |       ||   563
       Rapier            |       |       |   164 |     4 ||   168
       Headbutt          |       |       |    18 |       ||    18
 Abil: Evoke Flight      |       |       |     1 |       ||     1
Evoke: Wand              |       |       |     2 |       ||     2
  Use: Scroll            |     4 |     1 |     7 |     1 ||    13
       Potion            |       |       |     4 |     5 ||     9
 Stab: Sleeping          |     7 |    17 |     8 |       ||    32
       Confused          |       |     1 |     1 |       ||     2
       Distracted        |       |       |     2 |       ||     2
  Eat: Chunk             |       |     7 |    14 |       ||    21
       Royal jelly       |       |       |     1 |       ||     1
       Bread ration      |       |       |     2 |       ||     2
Armor: Leather armour    |    50 |    38 |   132 |     2 ||   222
       Skin              |       |       |     8 |       ||     8
Dodge: Dodged            |    94 |    65 |   275 |    25 ||   459
